 Dungeon Crawl Stone Soup version 0.27.0-1-g7a089689b8 (webtiles) character file.

Game seed: 16701907975088101865

6 MajorAdolf the Skirmisher (level 1, 0/21 HPs)
             Began as a Naga Wanderer on Aug 4, 2021.
             Slain by a jackal (3 damage)
             ... on level 1 of the Dungeon.
             The game lasted 00:00:32 (179 turns).

MajorAdolf the Skirmisher (Naga Wanderer)            Turns: 179, Time: 00:00:32

Health: 0/21       AC:  1    Str: 13    XL:     1   Next: 90%
Magic:  0/2        EV:  9    Int: 13    God:
Gold:   0          SH:  0    Dex: 10    Spells: 1/2 levels left

rFire    . . .     SeeInvis +     - Unarmed
rCold    . . .     Faith    .   (no shield)
rNeg     . . .     Spirit   .   d - +0 robe
rPois    +         Reflect  .   (no helmet)
rElec    .         Harm     .   (no cloak)
rCorr    .         Rampage  .   (no gloves)
Will     .....                  (no barding)
Stlth    ++........             (no amulet)
HPRegen  0.07/turn              (no ring)
MPRegen  0.08/turn              (no ring)

@: short of breath, very slow
A: AC +0, large, see invisible, deformed body, poison resistance, slowness 2,
spit poison 1, naga tail 1
a: Spit Poison


You were on level 1 of the Dungeon.
You visited 1 branch of the dungeon, and saw 1 of its levels.

Inventory:

Armour
 d - a +0 robe (worn)
Scrolls
 a - a scroll of amnesia {unknown}
 b - a scroll of fear
Potions
 c - a potion of curing
 e - a potion of berserk rage


   Skills:
 - Level 3.0 Fighting
 - Level 1.0 Throwing
 + Level 3.0 Stealth
 - Level 1.0 Unarmed Combat
 - Level 1.0 Spellcasting
 - Level 1.0 Necromancy
 - Level 1.3 Poison Magic
 - Level 1.0 Evocations


You had one spell level left.
You knew the following spells:

 Your Spells              Type           Power      Damage    Failure   Level
a - Sting                 Tmut/Pois      8%         1d3       22%         1

Your spell library contained the following spells:

 Spells                   Type           Power      Damage    Failure   Level
 Ignite Poison            Fire/Tmut/Pois 1%         N/A       56%         3


Dungeon Overview and Level Annotations

Branches:
Dungeon (1/15)

Altars:


Innate Abilities, Weirdness & Mutations

Your serpentine skin is tough. (AC +0)
You have supernaturally acute eyesight. (SInv)
Armour fits poorly on your strangely shaped body.
Your system is resistant to poisons. (rPois)
You cover ground very slowly.
You can spit poison.
You have a snake-like lower body.


Message History

The kobold is severely wounded.
The kobold hits you with a +0 short sword.
* * * LOW HITPOINT WARNING * * *
You barely miss the kobold.
The kobold is severely wounded.
The kobold barely misses you.
You barely miss the kobold.
The kobold is severely wounded.
The kobold hits you but does no damage.
Unknown command.
You closely miss the kobold.
The kobold is severely wounded.
The kobold barely misses you.
Unknown command.
Press: ? - help, Shift-Dir - straight line, f/p - kobold
Aim: a kobold, wielding a +0 short sword (severely wounded, poisoned)
The splash of poison misses the kobold.
The splash of poison misses the jackal.
The splash of poison hits the hobgoblin.
The hobgoblin is almost dead.
You kill the kobold!
The jackal completely misses you.
Casting: Sting (safe; 22% risk of failure)
Confirm with . or Enter, or press ? or * to list all spells.
Aiming: Sting (safe; 22% risk of failure)
Press: ? - help, Shift-Dir - straight line, f - jackal
Aim: a jackal (55% to hit)
The sting hits the jackal but does no damage.
The jackal is poisoned.
The jackal bites you.
* * * LOW HITPOINT WARNING * * *
Unknown command.
You hit the jackal.
The jackal is severely wounded.
You kill the jackal!
Your Stealth skill increases to level 3!
You closely miss the jackal. The jackal barely misses you.
The jackal bites you.
* * * LOW HITPOINT WARNING * * *
Unknown command.
You barely miss the jackal. The jackal bites you.
You die...

......# .. ......# ..
## ........ .#
.##......... ##.#
..#.......... ...#
..#........... #..##
..#............##...+
.............(gh@.#
#..#+###......###.###
.....# ... #...+ .+
.#...### ? #.###....
.......#
#+#####........
.##..#.##
#.#.....#......
.....#..#
#.#.###.#......
..#...).# #.#.#####
.....
..#.....###.#.....#
.....


You could see a jackal and a hobgoblin.

Vanquished Creatures
  An endoplasm (D:1)
  2 jackals (D:1)
  A kobold (D:1)
  A goblin (D:1)
5 creatures vanquished.

Notes
Turn   | Place    | Note
-------+----------+-------------------------------------------
     0 | D:1      | MajorAdolf the Naga Wanderer began the quest for the Orb.
     0 | D:1      | MajorAdolf set off with the following items: a +0 club, a
                  | scroll of fear, a potion of curing, a +0 robe, a potion of
                  | berserk rage; and the following spell memorised: Sting; and
                  | the following spells available to memorise: Ignite Poison
     0 | D:1      | Reached XP level 1. HP: 21/21 MP: 2/2
   179 | D:1      | Slain by a jackal

Illustrated notes

Levels and vault maps discovered:
D:1:      beargit_arrival_greenhouse, layout_basic,
          shapermc_ecumenical_altar_pompeii, minmay_close_crescents

Skill      XL: |  1 |
---------------+----+-----
Stealth        | 3 |  3.0
Fighting       | |  3.0
Throwing       | |  1.0
Unarmed Combat | |  1.0
Spellcasting   | |  1.0
Necromancy     | |  1.0
Poison Magic   | |  1.3
Evocations     | |  1.0

Action                   || total
-------------------------++-------
Melee: Unarmed           ||    18
 Cast: Sting             ||     2
 Abil: Spit Poison       ||     3
Armor: Robe              ||     2
Dodge: Dodged            ||     8
